 Dungeon Crawl Stone Soup version 0.30-a0-782-ge64f9170bb (webtiles) character file.

Game seed: 15733299150258307180

17381 theswoord the Cleaver (level 12, -2/92 HPs)
             Began as a Demonspawn Gladiator on Feb 20, 2023.
             Was a High Priest of Jiyva.
             Slain by a swamp worm (14 damage)
             ... on level 3 of the Lair of Beasts.
             The game lasted 00:13:15 (8162 turns).

theswoord the Cleaver (Demonspawn Gladiator)        Turns: 8162, Time: 00:13:16

Health: -2/92      AC: 20    Str: 27    XL:     12   Next: 18%
Magic:  11/12      EV: 10    Int: 11    God:    Jiyva [*****.]
Gold:   821        SH:  0    Dex: 12    Spells: 11/11 levels left

rFire   . . .      SeeInvis +    x - +0 executioner's axe (flame)
rCold   + . .      Faith    .    (shield currently unavailable)
rNeg    . . .      Spirit   .    A - +0 plate armour
rPois   .          Reflect  .    c - +1 helmet
rElec   .          Harm     .    (no cloak)
rCorr   +          Rampage  .    (gloves unavailable)
Will    ++...                    (no boots) Stlth
                                 (no amulet)
HPRegen 1.79/turn                h - ring of see invisible
MPRegen 0.58/turn                (no ring)

@: mighty, calling ooze
A: claws 3, icy blue scales 3, powered by pain 1, hooves 1, clever 1,
strong-willed 2, shaggy fur 1, strong 2, wild magic 3, acidic bite, jelly
sensing items, engulf
a: Renounce Religion, Oozemancy, Slimify


You were on level 3 of the Lair of Beasts.
You worshipped Jiyva.
Jiyva was extremely pleased with you.
You visited 2 branches of the dungeon, and saw 11 of its levels.
You also visited: Ossuary.

You collected 821 gold pieces.

Inventory:

Hand Weapons
 a - a +0 heavy war axe
 u - the +10 hand axe of the Median {freeze, Int+3}
   (You found it on level 6 of the Dungeon)

   Int:       It affects your intelligence (+3).
 x - a +0 executioner's axe of flaming (weapon)
Missiles
 d - 2 throwing nets (quivered)
 e - 6 javelins
Armour
 b - a +0 leather armour
 c - a +1 helmet (worn)
 A - a +0 plate armour (worn)
Jewellery
 h - a ring of see invisible (left claw)
 l - an amulet of faith
Wands
 p - a wand of iceblast (6)
Scrolls
 i - a scroll of fear
 m - 3 scrolls of immolation
 n - a scroll of vulnerability
 r - 3 scrolls of blinking
 s - 7 scrolls of teleportation
 y - a scroll of butterflies
 C - a scroll of brand weapon
Potions
 f - 2 potions of might
 g - 5 potions of resistance
 j - 3 potions of attraction
 k - a potion of cancellation {unknown}
 o - 5 potions of heal wounds
 q - 2 potions of mutation
 v - 2 potions of lignification
 w - a potion of berserk rage {unknown}
 z - a potion of ambrosia
 B - a potion of haste {unknown}
 E - 4 potions of curing


   Skills:
 + Level 8.1 Fighting
 + Level 13.9 Axes
 - Level 1.7 Throwing
 + Level 7.1 Armour
 + Level 7.7 Dodging


You had 11 spell levels left.
You didn't know any spells.
Your spell library contained the following spells:

 Spells                   Type           Power      Damage    Failure   Level
 Magic Dart               Conj           0%         1d3       99%         1
 Sandblast                Erth           0%         2d4       99%         1
 Cigotuvi's Dreadful Rot  Necr/Pois/Air  0%         N/A       100%        2
 Passwall                 Tmut/Erth      0%         N/A       100%        2
 Poisonous Vapours        Pois/Air       0%         N/A       100%        2
 Gell's Gravitas          Tloc           0%         N/A       100%        3
 Mephitic Cloud           Conj/Pois/Air  0%         N/A       100%        3
 Stone Arrow              Conj/Erth      0%         3d7       100%        3
 Teleport Other           Tloc           0%         N/A       100%        3
 Manifold Assault         Tloc           0%         N/A       100%        4
 Dispersal                Tloc           0%         N/A       100%        6
 Disjunction              Tloc           0%         N/A       100%        8


Dungeon Overview and Level Annotations

Branches:
Dungeon (8/15)             Temple (0/1) D:6            Lair (3/5) D:8
  Snake (0/4) Lair:3      Ossuary (visited)
  Swamp: Lair:2-3    Shoals: Lair:2-3

Altars:
Fedhas
Gozag
Hepliaklqana
Makhleb
Okawaru
Ru
Sif Muna
Trog
Xom
Yredelemnul
Jiyva

Shops:
D:1 [   D:4 ![[   D:5 (

Annotations:
D:5 3 runed translucent doors, XanderDroid's ghost, amateur TrFi


Innate Abilities, Weirdness & Mutations

You have claws for hands.
You are completely covered in icy blue scales. (AC +4, rC+)
You sometimes gain a little power by taking damage.
You have large cloven feet.
Your mind is acute. (Int +4, Str/Dex -1)
You are highly strong-willed. (Will++)
You are covered in fur. (AC +1)
Your muscles are very strong. (Str +8, Int/Dex -2)
Your spells are much harder to cast, but much more powerful.
You have acidic saliva.
You have a small jelly attached to you that senses nearby items.
Your melee attacks may engulf your foes in ooze.


Message History

The six-headed hydra bites you.
* * * LOW HITPOINT WARNING * * *
The six-headed hydra bites you but does no damage.
The six-headed hydra bites you!
* * * LOW HITPOINT WARNING * * *
The swamp worm barely misses you.
You lop one of the six-headed hydra's heads off!
The flame cauterises the wound!
You slice the five-headed hydra!! You burn the five-headed hydra!
You kill the five-headed hydra!
You miss the swamp worm. You slice the swamp worm!! You burn the swamp worm.
You engulf the swamp worm in ooze!
The swamp worm bites you!
* * * LOW HITPOINT WARNING * * *
The swamp worm closely misses you.
A seven-headed hydra comes into view.
The swamp worm barely misses you.
Okay, then.
You feel much better. The swamp worm bites you.
* * * LOW HITPOINT WARNING * * *
The swamp worm barely misses you. The swamp worm bites you!
* * * LOW HITPOINT WARNING * * *
Activating: Oozemancy (1% risk of failure) Slime begins to ooze from the nearby walls!
The wall burns the seven-headed hydra!
The swamp worm misses you.
The swamp worm bites you but does no damage.
Acid dripping from the walls corrodes you.
The swamp worm bites you but does no damage.
The swamp worm attacks as you move away!
The swamp worm bites you.
* * * LOW HITPOINT WARNING * * *
The wall burns the swamp worm!
The swamp worm fires a harpoon shot at you.
The harpoon shot hits you.
* * * LOW HITPOINT WARNING * * *
You are yanked forward by the harpoon shot.
Acid dripping from the walls corrodes you.
The swamp worm bites you!
* * * LOW HITPOINT WARNING * * *
The wall burns the swamp worm!
The swamp worm bites you!
You die...

....# P... .. .. ....####
###..###. ###..#
....#.P####.#.....#+##.....#
...........................#
...........>...............#
...........................#
.................w..........
.........†.†....@wD†........
......##+..#....#♣♣♣..#P#..
.....###.####....# ♣..♣
.....###...##...#♣ .w.~~
.....##...##....# ♣♣~~~~≈≈
...........##...# ♣♣~~~§§≈≈
....#.##.####...# ..≈~≈≈♣
.....###..# #...# ...♣♣♣♣
....## .+.# P...♣ ♣..§


You could see a seven-headed hydra and 2 swamp worms.

Vanquished Creatures
  A hydra (Lair:3)
  Pikel (D:4)
  An oklob plant (Lair:1)
  5 elephants (Lair:3)
  2 black mambas (Lair:2)
  2 cane toads
  6 komodo dragons
  Grinder (D:3)
  A hornet (D:7)
  4 blink frogs (Lair:2)
  23 yaks
  5 wyverns
  4 basilisks
  3 nagas (Lair:3)
  10 water moccasins
  A black bear (D:6)
  A sky beast (D:7)
  An ice beast (D:5)
  An ogre (D:5)
  5 wolves (Lair:3)
  2 centaurs
  A phantom (D:4)
  A kobold brigand (D:7)
  8 bullfrogs
  2 necrophages
  3 scorpions
  9 wights (D:8)
  3 electric eels
  3 gnoll boudas
  2 orc priests
  4 hounds
  2 iguanas
  Jessica (D:3)
  Ijyb (D:4)
  Natasha (twice) (D:3)
  9 orc wizards
  8 mummies (Ossuary)
  12 gnolls
  10 adders
  2 shadow imps
  A white imp (D:7)
  3 worms
  A dart slug (D:4)
  19 orcs
  6 endoplasms
  6 giant cockroaches
  9 goblins
  9 hobgoblins
  4 jackals
  13 kobolds
  4 quokkas
  9 ball pythons
  3 bats
  4 frilled lizards (D:1)
  6 hobgoblin zombies (Ossuary)
  2 kobold zombies (Ossuary)
  5 rats (D:1)
267 creatures vanquished.

Vanquished Creatures (collateral kills)
  A skyshark (Lair:2)
  A cane toad (Lair:1)
  A naga (Lair:3)
  2 bullfrogs (Lair:1)
5 creatures vanquished.

Vanquished Creatures (others)
  A gnoll sergeant (D:6)
  A scorpion (D:4)
  2 wights (D:8)
  11 jellies
  A hound (D:7)
  An orc priest (D:5)
  An orc wizard (D:7)
  2 gnolls (D:7)
  11 orcs
  An endoplasm (D:4)
  20 fungi
  45 plants
97 creatures vanquished.

Grand Total: 369 creatures vanquished

Notes
Turn   | Place    | Note
-------+----------+-------------------------------------------
     0 | D:1      | theswoord the Demonspawn Gladiator began the quest for the
                  | Orb.
     0 | D:1      | Reached XP level 1. HP: 16/16 MP: 1/1
    28 | D:1      | Reached skill level 3 in Axes
   123 | D:1      | Gained mutation: You have sharp fingernails. [demonic
                  | ancestry]
   123 | D:1      | Reached XP level 2. HP: 21/22 MP: 2/2
   226 | D:1      | HP: 1/22 [hobgoblin (2)]
   248 | D:1      | Gained mutation: You are partially covered in icy blue
                  | scales. (AC +2) [demonic ancestry]
   248 | D:1      | Reached XP level 3. HP: 4/27 MP: 3/3
   459 | D:1      | Found Saoteqit's Antique Armour Shop.
   570 | D:1      | Reached skill level 4 in Axes
   853 | D:2      | HP: 1/27 [poisoned by an adder]
   995 | D:2      | Gained mutation: You have sharp toenails. [potion of
                  | mutation]
   995 | D:2      | Gained mutation: Your spells are a little easier to cast,
                  | but a little less powerful. [potion of mutation]
   995 | D:2      | Gained mutation: You are weak. (Str -2) [potion of
                  | mutation]
   995 | D:2      | Gained mutation: You are covered in fur. (AC +1) [potion of
                  | mutation]
  1003 | D:2      | Reached XP level 4. HP: 10/33 MP: 4/4
  1112 | D:1      | Lost mutation: You have sharp toenails. [potion of
                  | mutation]
  1112 | D:1      | Lost mutation: You are weak. (Str -2) [potion of mutation]
  1112 | D:1      | Gained mutation: Your mind is acute. (Int +4, Str/Dex -1)
                  | [potion of mutation]
  1112 | D:1      | Gained mutation: You have sharp toenails. [potion of
                  | mutation]
  1112 | D:1      | Gained mutation: Your spells are easier to cast, but less
                  | powerful. [potion of mutation]
  1112 | D:1      | Gained mutation: You are covered in thick fur. (AC +2)
                  | [potion of mutation]
  1571 | D:3      | Noticed Natasha
  1579 | D:3      | Killed Natasha
  1580 | D:3      | Reached skill level 5 in Axes
  1640 | D:3      | Gained mutation: You have very sharp fingernails. [demonic
                  | ancestry]
  1640 | D:3      | Reached XP level 5. HP: 36/38 MP: 5/5
  1829 | D:3      | Noticed Jessica
  1834 | D:3      | Killed Jessica
  1870 | D:3      | Noticed Natasha
  1872 | D:3      | Found a faded altar of an unknown god.
  1877 | D:3      | Killed Natasha
  1881 | D:3      | Got Plato's Commentary on Battle Magic
  1882 | D:3      | Prayed at the altar of an unknown god.
  1882 | D:3      | Became a worshipper of Jiyva Jolaonea the Shapeless
  1882 | D:3      | Reached * piety under Jiyva
  2005 | D:3      | Noticed Grinder
  2035 | D:3      | Killed Grinder
  2036 | D:3      | Reached skill level 6 in Axes
  2036 | D:3      | Reached XP level 6. HP: 36/44 MP: 6/6
  2260 | D:4      | Reached skill level 7 in Axes
  2268 | D:4      | Identified the +0 leather armour of the Lair of Beasts
                  | {rElec rPois}
  2275 | D:4      | Noticed Pikel
  2279 | D:4      | Gained mutation: You have claws for hands. [demonic
                  | ancestry]
  2279 | D:4      | Reached XP level 7. HP: 50/50 MP: 7/7
  2308 | D:4      | Killed Pikel
  2309 | D:4      | Reached skill level 8 in Axes
  2374 | D:4      | Found Disah's Distillery.
  2444 | D:4      | Found Akhet's Armour Emporium.
  2451 | D:4      | Reached ** piety under Jiyva
  2617 | D:4      | Noticed Ijyb
  2628 | D:4      | Killed Ijyb
  2648 | D:4      | Found Seyll's Antique Armour Shoppe.
  2993 | D:5      | Entered Level 5 of the Dungeon
  3020 | D:5      | Reached skill level 9 in Axes
  3020 | D:5      | Reached XP level 8. HP: 56/56 MP: 8/8
  3069 | D:5      | Found Mug Oplo's Weapon Shop.
  3140 | D:5      | Found a shimmering blue altar of Sif Muna.
  3187 | D:5      | Reached *** piety under Jiyva
  3295 | D:5      | Lost mutation: You are covered in thick fur. (AC +2)
                  | [Jiyva's grace]
  3295 | D:5      | Gained mutation: You are strong-willed. (Will+) [Jiyva's
                  | grace]
  3295 | D:5      | Gained mutation: You are highly strong-willed. (Will++)
                  | [Jiyva's grace]
  3295 | D:5      | Gained mutation: You are extremely strong-willed. (Will+++)
                  | [Jiyva's grace]
  3295 | D:5      | Lost mutation: You have sharp toenails. [Jiyva's grace]
  3295 | D:5      | Gained mutation: You have large cloven feet. [Jiyva's
                  | grace]
  3330 | D:5      | Reached skill level 10 in Axes
  3478 | D:5      | Found a runed translucent gate.
  3478 | D:5      | Found a runed translucent gate.
  3478 | D:5      | Found a runed translucent gate.
  3480 | D:5      | Found an opulent altar of Gozag.
  3480 | D:5      | Noticed XanderDroid's ghost (amateur TrFi)
  3541 | D:6      | Found a staircase to the Ecumenical Temple.
  3751 | D:6      | Identified the +10 hand axe of the Median {freeze, Int+3}
  4023 | D:6      | Reached skill level 11 in Axes
  4035 | D:6      | Gained mutation: You are mostly covered in icy blue scales.
                  | (AC +3) [demonic ancestry]
  4035 | D:6      | Reached XP level 9. HP: 12/60 MP: 9/9
  4094 | D:6      | Reached **** piety under Jiyva
  4335 | D:7      | Found a sand-covered staircase.
  4341 | Ossuary  | Entered an ossuary
  4599 | D:7      | Found a sacrificial altar of Ru.
  4689 | D:7      | Reached skill level 12 in Axes
  4778 | D:7      | Found a hazy altar of Hepliaklqana.
  5131 | D:7      | Reached skill level 1 in Armour
  5222 | D:8      | Identified a scroll of acquirement
  5222 | D:8      | Acquired a +0 executioner's axe of flaming
  5283 | D:8      | HP: 3/62 [yak (8)]
  5319 | D:8      | Reached XP level 10. HP: 44/71 MP: 10/10
  5347 | D:8      | Found a staircase to the Lair.
  5402 | D:8      | Lost mutation: You are extremely strong-willed. (Will+++)
                  | [Jiyva's grace]
  5402 | D:8      | Lost mutation: Your spells are easier to cast, but less
                  | powerful. [Jiyva's grace]
  5402 | D:8      | Gained mutation: You have a small jelly attached to you
                  | that senses nearby items. [Jiyva's grace]
  5402 | D:8      | Gained mutation: You have acidic saliva. [Jiyva's grace]
  5402 | D:8      | Gained mutation: Your muscles are strong. (Str +4, Int/Dex
                  | -1) [Jiyva's grace]
  5402 | D:8      | Gained mutation: Your muscles are very strong. (Str +8,
                  | Int/Dex -2) [Jiyva's grace]
  5427 | D:8      | Found a basalt altar of Yredelemnul.
  5429 | D:8      | Found a bloodstained altar of Trog.
  5552 | D:8      | Found a blossoming altar of Fedhas.
  5552 | D:8      | Found an opulent altar of Gozag.
  5555 | D:8      | Found an iron altar of Okawaru.
  5555 | D:8      | Found a burning altar of Makhleb.
  5656 | D:8      | Reached ***** piety under Jiyva
  5703 | D:8      | Reached skill level 5 in Dodging
  5710 | D:8      | Reached skill level 5 in Fighting
  5764 | D:8      | Found a shimmering altar of Xom.
  6083 | Lair:1   | Entered Level 1 of the Lair of Beasts
  6289 | Lair:1   | Noticed a cane toad
  6296 | Lair:1   | Killed a cane toad
  6297 | Lair:1   | Reached skill level 13 in Axes
  6494 | Lair:1   | Noticed a cane toad
  6504 | Lair:1   | Killed a cane toad
  6505 | Lair:1   | Gained mutation: You are completely covered in icy blue
                  | scales. (AC +4, rC+) [demonic ancestry]
  6505 | Lair:1   | Reached XP level 11. HP: 81/81 MP: 11/11
  6548 | Lair:1   | Lost mutation: Your spells are a little easier to cast, but
                  | a little less powerful. [Jiyva's grace]
  6548 | Lair:1   | Gained mutation: Your spells are a little harder to cast,
                  | but a little more powerful. [Jiyva's grace]
  6548 | Lair:1   | Gained mutation: Your spells are harder to cast, but more
                  | powerful. [Jiyva's grace]
  6548 | Lair:1   | Gained mutation: Your spells are much harder to cast, but
                  | much more powerful. [Jiyva's grace]
  6548 | Lair:1   | Gained mutation: Your melee attacks may engulf your foes in
                  | ooze. [Jiyva's grace]
  6661 | Lair:1   | Noticed an oklob plant
  6683 | Lair:1   | Killed an oklob plant
  6684 | Lair:1   | Reached skill level 5 in Armour
  6918 | Lair:2   | Noticed a skyshark
  6925 | Lair:2   | Killed a skyshark
  7786 | Lair:3   | Found a staircase to the Snake Pit.
  7793 | Lair:3   | Gained mutation: You sometimes gain a little power by
                  | taking damage. [demonic ancestry]
  7793 | Lair:3   | Reached XP level 12. HP: 85/92 MP: 12/12
  8145 | Lair:3   | Noticed an eight-headed hydra
  8157 | Lair:3   | Killed a five-headed hydra
  8157 | Lair:3   | Noticed a seven-headed hydra
  8162 | Lair:3   | Slain by a swamp worm

Skill      XL: |  1  2  3  4  5  6  7  8  9 10 11 12 |
---------------+-------------------------------------+-----
Axes           | 3 4 5 6 7 9 11 12 13 | 13.9
Armour         | 2 4 6 7 |  7.1
Dodging        | 3 5 7 |  7.7
Fighting       | 3 5 7 8 |  8.1
Throwing       | |  1.7

Action                     |  1- 3 |  4- 6 |  7- 9 | 10-12 || total
---------------------------+-------+-------+-------+-------++-------
  Melee: War axe           |    84 |   108 |   161 |       ||   353
         Kick              |     1 |    25 |    72 |    91 ||   189
         Punch             |       |     1 |     6 |     4 ||    11
         Hand axe          |       |       |   142 |   314 ||   456
         Executioner's axe |       |       |    12 |     5 ||    17
         Bite              |       |       |       |    33 ||    33
  Throw: Throwing net      |     2 |       |     2 |       ||     4
 Invoke: Oozemancy         |       |       |       |     4 ||     4
    Use: Potion            |     3 |     1 |     4 |     2 ||    10
         Scroll            |     2 |     7 |     3 |     6 ||    18
 Armour: Leather armour    |    29 |    41 |    99 |       ||   169
         Plate armour      |       |       |    69 |   129 ||   198
  Dodge: Dodged            |    72 |    64 |   148 |    98 ||   382

Levels and vault maps discovered:
D:1:      lordsloth_arrival_two_stooges, layout_loops_cross, serial_shops,
          nicolae_diamond_shop, chequers_serial_rivers_micro_a, minmay_bisected
D:2:      layout_rooms
D:3:      layout_rooms, shapermc_ecumenical_altar_rom_forum, serial_aquarium,
          aquarium_bridge_square [aquarium_subvault_balcony,
          aquarium_subvault_bridge, aquarium_subvault_bridge,
          aquarium_subvault_wall], aquarium_window_corner, aquarium_window_fake,
          aquarium_window_1, aquarium_window_2, aquarium_view_2c,
          aquarium_balcony_double_1, st_stairs_14, minmay_misc_feat_hallway,
          uniq_grinder, uniq_natasha, uniq_jessica
D:4:      layout_cave_pods, serial_shops, kennysheep_little_box,
          kennysheep_mini, shop_fountains, serial_forest,
          infiniplex_forest_diagonal, infiniplex_forest_lined_room_3,
          infiniplex_forest_straight_4, infiniplex_forest_lined_2,
          infiniplex_forest_clump_small, infiniplex_forest_lined_corner,
          infiniplex_forest_end_2, uniq_pikel, uniq_ijyb
D:5:      layout_cave_pools, kennysheep_mini_moat, serial_shops,
          nicolae_shop_bloodbath_and_beyond, ebering_ghost_gozag
D:6:      minmay_general_purpose_star, layout_basic,
          nicolae_elyvilon_temple_path, minmay_temple_entry_overgrown
D:7:      layout_loops_ring, nicolae_ru_great_annihilating_truth,
          mainiacjoe_overflow_cross_hatched, enter_ossuary_1,
          chequers_serial_rivers_room_a, lightli_orcish_oven
D:8:      layout_loops_cross, mainiacjoe_overflow_24_doors,
          grunt_temple_overflow_open, mainiacjoe_overflow_catwalk_spiral,
          minmay_lair_entry_grove
Lair:1:   minmay_lair_oklob_chamber, layout_small_grid, serial_bayou_ford_a,
          beast_lair_carwin_4
Lair:2:   layout_hall_layers
Lair:3:   layout_regular_city, palyth_hydra_swamp_entry,
          minmay_snake_entry_guardpost_small, serial_bayou_shore_b
